 Dungeon Crawl Stone Soup version 0.30-a0-702-gdf48620a09 (webtiles) character file.

Game seed: 9579466924204738863

674 Dartaoz the Conjurer (level 7, -24/45 HPs)
             Began as a White Draconian Conjurer on Jan 21, 2023.
             Killed from afar by a wretched star (32 damage)
             ... with a lance of force
             ... on level 1 of the Abyss.
             The game lasted 00:12:48 (5593 turns).

Dartaoz the Conjurer (White Draconian Conjurer)     Turns: 5593, Time: 00:12:48

Health: -24/45     AC:  6    Str:  6      XL:     7   Next: 33%
Magic:  1/10       EV: 12    Int: 18 (20) God:
Gold:   222        SH:  0    Dex:  8 (9)  Spells: 7/10 levels left

rFire   . . .      SeeInvis .    m - staff of conjuration
rCold   + . .      Faith    .    (no shield)
rNeg    . . .      Spirit   .    (body armour unavailable)
rPois   .          Reflect  .    (helmet restricted)
rElec   .          Harm     .    (no cloak)
rCorr   .          Rampage  .    (no gloves)
Will    .....                    (no boots)
Stlth   ++                       (no amulet)
HPRegen 0.27/turn                k - ring of willpower
MPRegen 0.12/turn                (no ring)

@: weak-willed
A: breathe frost, AC +6, unfitting armour, cold resistance 1, cold-blooded,
[deterioration 2], [frail 2], [screaming 2], [weak 2]
a: Breathe Frost


You were on level 1 of the Abyss.
You visited 2 branches of the dungeon, and saw 5 of its levels.
You visited the Abyss 1 time.

You collected 222 gold pieces.

Inventory:

Hand Weapons
 j - a +0 heavy dagger
Magical Staves
 m - a staff of conjuration (weapon)
Jewellery
 k - a ring of willpower (left hand)
Wands
 o - a wand of polymorph (10)
Scrolls
 a - 2 scrolls of amnesia {unknown}
 c - 2 scrolls of poison {unknown}
 e - 2 scrolls of vulnerability
 f - 2 scrolls of immolation
 g - a scroll of brand weapon
 p - a scroll of fog {unknown}
 q - 2 scrolls of teleportation {unknown}
 r - 2 scrolls of magic mapping
 s - a scroll of blinking {unknown}
Potions
 b - 2 potions of resistance
 d - 3 potions of curing
 i - a potion of mutation {unknown}
 l - a potion of berserk rage
 n - a potion of haste


   Skills:
 + Level 3.1 Fighting
 + Level 3.3 Dodging
 + Level 3.5 Stealth
 - Level 2.0 Spellcasting
 + Level 7.1 Conjurations


You had 7 spell levels left.
You knew the following spells:

 Your Spells              Type           Power      Damage    Failure   Level
a - Magic Dart            Conj           100%       1d8       1%          1
b - Searing Ray           Conj           82%        2d7       1%          2

Your spell library contained the following spells:

 Spells                   Type           Power      Damage    Failure   Level
 Shock                    Conj/Air       88%        1d8       4%          1
 Dazzling Flash           Conj/Hex       44%        N/A       13%         3
 Stone Arrow              Conj/Erth      44%        3d9       13%         3
 Sandblast                Erth           2%         2d4       19%         1
 Passwall                 Tmut/Erth      0%         N/A       26%         2
 Fulminant Prism          Conj/Hex       11%        3d9       38%         4
 Iskenderun's Mystic Bla  Conj/Tloc      22%        2d6       38%         4
 Swiftness                Air            1%         N/A       47%         3
 Airstrike                Air            0%         2d(1-17)  87%         4


Dungeon Overview and Level Annotations

Branches:
Dungeon (4/15)             Temple (1/1) D:4

Altars:
Ashenzari
Dithmenos
Elyvilon
Fedhas
Gozag
Hepliaklqana
Makhleb
Nemelex Xobeh
Uskayaw
Wu Jian
Xom
Yredelemnul
Zin
The Shining One

Annotations:
D:4 Eustachio


Innate Abilities, Weirdness & Mutations

You can breathe waves of freezing cold which knock back foes.
Your icy white scales are hard. (AC +6)
You cannot fit into any form of body armour.
Your flesh is cold resistant. (rC+)
You are cold-blooded and may be slowed by cold attacks.
[Your body often deteriorates upon taking damage.]
[You are very frail. (-20% HP)]
[You frequently scream uncontrollably at your foes.]
[You are very weak. (Str -4)]


Message History

(Press . to maintain the ray.)
The searing ray hits the wretched star!
The wretched star is moderately damaged.
The wretched star glows turbulently.
The lance of force hits you!!
Your body deteriorates!
You feel dopey.
The searing ray misses the wretched star.
You hit the wretched star but do no damage.
You tail-slap the wretched star, but do no damage.
The wretched star is moderately damaged.
The wretched star glows turbulently.
The lance of force hits you!!
* * * LOW HITPOINT WARNING * * *
Your body deteriorates!
You feel clumsy.
You are knocked back by the lance of force.
You slam into the rock wall!
* * * LOW HITPOINT WARNING * * *
The wretched star pulses with an eldritch light!
You feel frail. x2
You feel much better.
As you read the scroll labelled PAWNUA BOBEPT, it crumbles to dust.
Magic quickly surges around you.
It was a scroll of vulnerability.
As you read the scroll labelled BOISKO EBIU, it crumbles to dust.
The air around you briefly surges with heat, but it dissipates.
It was a scroll of immolation.
As you read the scroll labelled QUFULIO AJUM, it crumbles to dust.
You feel momentarily disoriented.
It was a scroll of magic mapping.
The wretched star glows turbulently.
The lance of force hits you!
* * * LOW HITPOINT WARNING * * *
Your body deteriorates!
You feel dopey.
As you read the scroll labelled COURES OGUTUWK, it crumbles to dust.
It is a scroll of brand weapon.
Your +0 dagger becomes incredibly heavy!
j - a +0 heavy dagger A wretched star comes into view.
The wretched star glows turbulently.
The lance of force hits you!!
Ouch! That really hurt!
You die...

## ... #
..... ..
*#.. #..
... .. ..
.#.#.#.
.......####
. #.@..#
#..*##.#
##.. #.#
##### #.#
## ... .
... .#... .
.. ........
. # . ..
... .
....... ยง.


You could see 2 wretched stars.

Vanquished Creatures
  Sigmund (D:3)
  A scorpion (D:4)
  An orc priest (D:3)
  An iguana (D:4)
  Terence (D:3)
  Natasha (thrice) (D:2)
  2 orc wizards (D:3)
  A small abomination (Abyss:1)
  10 gnolls
  An adder (D:3)
  A white imp (Abyss:1)
  An ufetubus (Abyss:1)
  2 worms (D:3)
  A dart slug (D:1)
  16 orcs
  9 ball pythons
  7 endoplasms
  3 giant cockroaches
  9 goblins
  3 hobgoblins
  A jackal (D:3)
  5 quokkas
  6 bats
  6 kobolds
  4 rats
96 creatures vanquished.

Notes
Turn   | Place    | Note
-------+----------+-------------------------------------------
     0 | D:1      | Dartaoz the Draconian Conjurer began the quest for the Orb.
     0 | D:1      | Reached XP level 1. HP: 14/14 MP: 3/3
   164 | D:1      | Reached XP level 2. HP: 20/20 MP: 1/5
  1148 | D:1      | Learned a level 2 spell: Searing Ray
  1272 | D:2      | Reached skill level 5 in Conjurations
  1298 | D:2      | Reached XP level 3. HP: 26/26 MP: 3/6
  1327 | D:2      | Noticed Natasha
  1332 | D:2      | Killed Natasha
  1571 | D:2      | Noticed Natasha
  1575 | D:2      | Killed Natasha
  1576 | D:2      | Reached XP level 4. HP: 33/33 MP: 2/7
  1730 | D:2      | Found a faded altar of an unknown god.
  1869 | D:2      | Reached skill level 6 in Conjurations
  2082 | D:2      | Noticed Natasha
  2254 | D:2      | Killed Natasha
  2255 | D:2      | Reached XP level 5. HP: 14/38 MP: 3/8
  2642 | D:2      | Found a faded altar of an unknown god.
  3096 | D:3      | Found a basalt altar of Yredelemnul.
  3229 | D:3      | Identified the +5 war axe of the Hero {drain, rElec rF-
                  | rN+}
  3293 | D:3      | Found a glowing silver altar of Zin.
  3498 | D:3      | Noticed Terence
  3509 | D:3      | Found an ornate altar of the Wu Jian Council.
  3522 | D:3      | Killed Terence
  3523 | D:3      | Reached skill level 1 in Fighting
  3675 | D:3      | Found an opulent altar of Gozag.
  3949 | D:3      | Reached XP level 6. HP: 47/47 MP: 3/9
  4357 | D:3      | Noticed a +0 short sword
  4357 | D:3      | Noticed a +0 spear
  4370 | D:3      | Noticed a +0 falchion
  4370 | D:3      | Noticed a +0 dagger
  4370 | D:3      | Noticed a +0 dagger
  4370 | D:3      | Noticed a +0 spear
  4371 | D:3      | Noticed a +0 falchion
  4391 | D:3      | Noticed a +0 short sword
  4410 | D:3      | Found a hide-covered altar of Uskayaw.
  4410 | D:3      | Noticed Sigmund
  4420 | D:3      | Killed Sigmund
  4570 | D:4      | Your scales start taking on an icy white colour.
  4570 | D:4      | Reached XP level 7. HP: 35/56 MP: 0/10
  4570 | D:4      | Gained mutation: Your flesh is cold resistant. (rC+) [White
                  | Draconian growth]
  4623 | D:4      | Reached skill level 7 in Conjurations
  4708 | D:4      | Found a staircase to the Ecumenical Temple.
  4719 | Temple   | Entered the Ecumenical Temple
  5396 | D:4      | Identified the +5 dagger of Desuesy {venom, *Slow rN+
                  | Int+4}
  5413 | D:4      | Noticed Eustachio
  5454 | Abyss:1  | Cast into level 1 of the Abyss (Eustachio)
  5573 | Abyss:1  | Noticed a wretched star
  5588 | Abyss:1  | HP: 1/57 [rock wall collision (4)]
  5593 | Abyss:1  | Noticed a wretched star
  5593 | Abyss:1  | Killed from afar by a wretched star

Illustrated notes

Levels and vault maps discovered:
D:1:      dpeg_arrival_court, layout_loops_ring
D:2:      layout_loops_ring, ebering_ecumenical_altar_webs, uniq_natasha
D:3:      layout_loops_cross, mainiacjoe_overflow_paths,
          nicolae_gozag_cash_rules_everything_around_me,
          nicolae_uskayaw_en_pointe, mainiacjoe_overflow_surrounded_room,
          nzn_wu_jian_council_hall, minmay_pentomino_pile, uniq_sigmund,
          uniq_terence
D:4:      layout_loops_ring, kiku_gazebo_pond_becter,
          minmay_temple_entry_slanted, uniq_eustachio
Temple:   compressed_dpeg_triangle_lava_temple
Abyss:1:  base: D:4, evilmike_abyss_exit_5

Skill      XL: |  1  2  3  4  5  6  7 |
---------------+----------------------+-----
Conjurations   | 5 6 7 |  7.1
Dodging        | 2 3 |  3.3
Stealth        | 2 3 |  3.5
Fighting       | 1 2 3 |  3.1
Spellcasting   | |  2.0

Action                   |  1- 3 |  4- 6 |  7- 9 || total
-------------------------+-------+-------+-------++-------
Melee: Dagger            |       |    14 |       ||    14
       Staff             |       |    71 |    15 ||    86
       Unarmed           |       |     9 |       ||     9
       Tailslap          |       |    12 |     3 ||    15
       Punch             |       |     1 |       ||     1
 Cast: Magic Dart        |    63 |   110 |    44 ||   217
       Searing Ray       |       |    11 |     5 ||    16
 Abil: Breathe Frost     |       |       |     1 ||     1
  Use: Scroll            |       |     4 |     4 ||     8
       Potion            |       |     1 |     1 ||     2
Armor: Skin              |     2 |    29 |     6 ||    37
Dodge: Dodged            |       |    79 |    16 ||    95

Table legend: (Time is in decaauts)
 A = Elapsed time spent in this place.
 B = Non-inter-level travel time spent in this place.
 C = Inter-level travel time spent in this place.
 D = Time resting spent in this place.
 E = Time spent auto-exploring this place.
 F = Levels seen in this place.
 G = Mean time per level.
                   A        B        C        D        E       F      G
               +--------+--------+--------+--------+--------+-----+--------+
         Total |   5615 |   5533 |     82 |      6 |   4895 |   6 |  935.8 |
       Dungeon |   5211 |   5129 |     82 |      0 |   4559 |   4 | 1302.8 |
        Temple |    262 |    262 |      0 |      0 |    251 |   1 |  262.0 |
         Abyss |    141 |    141 |      0 |      6 |     85 |   1 |  141.0 |
               +--------+--------+--------+--------+--------+-----+--------+

Top non-repeatable levels by time:
     D:2: 1702 daAuts
     D:3: 1697 daAuts
     D:1: 1169 daAuts
     D:4: 643 daAuts
  Temple: 262 daAuts
 Abyss:1: 141 daAuts
